 Dungeon Crawl Stone Soup version 0.27-a0-1140-g099f9bb0e8 (webtiles) character file.

Game seed: 2826243165407969349

330 jasper the Skirmisher (level 6, -7/57 HPs)
             Began as a Hill Orc Wanderer on May 8, 2021.
             Was a Believer of Fedhas.
             Mangled by an ogre
             ... wielding a +0 giant club
              (18 damage)
             ... on level 5 of the Dungeon.
             The game lasted 00:07:39 (4626 turns).

jasper the Skirmisher (Hill Orc Wanderer)           Turns: 4626, Time: 00:07:39

Health: -7/57      AC:  8    Str: 14 (15) XL:     6   Next: 51%
Magic:  4/6        EV:  9    Int: 11 (12) God:    Fedhas [**....]
Gold:   80         SH:  0    Dex: 11 (12) Spells: 5/5 levels left

rFire    . . .     SeeInvis .     - Unarmed
rCold    . . .     Faith    .   (no shield)
rNeg     . . .     Spirit   .   d - +2 scale mail
rPois    .         Reflect  .   (no helmet)
rElec    .         Harm     .   (no cloak)
rCorr    .         Rampage  .   (no gloves)
Will     .....                  (no boots)
Stlth    ..........             (no amulet)
HPRegen  0.19/turn              (no ring)
MPRegen  0.10/turn              (no ring)

@: no status effects
A: no striking features
a: Renounce Religion, Wall of Briars


You were on level 5 of the Dungeon.
You worshipped Fedhas.
Fedhas was pleased with you.
You visited 1 branch of the dungeon, and saw 5 of its levels.

You collected 80 gold pieces.

Inventory:

Hand Weapons
 a - a +0 dagger of venom
Missiles
 c - 2 poisoned darts
 e - 97 stones (quivered)
Armour
 d - a +2 scale mail (worn)
Jewellery
 m - a ring of willpower
Scrolls
 b - 2 scrolls of enchant armour {unknown}
 f - a scroll of noise {unknown}
 g - a scroll of magic mapping {unknown}
Potions
 n - a potion of brilliance {unknown}


   Skills:
 + Level 5.9 Fighting
 - Level 1.7 Bows
 - Level 1.0 Throwing
 - Level 1.1 Armour
 - Level 1.5 Dodging
 - Level 1.5 Stealth
 + Level 4.7 Unarmed Combat


You had 5 spell levels left.
You didn't know any spells.
Your spell library was empty.

Dungeon Overview and Level Annotations

Branches:
Dungeon (5/15)
 Temple: D:4-7

Altars:
Fedhas

Shops:
D:2 [

Annotations:
D:3 Sigmund


Message History

You aren't carrying any items that you can evoke.
Okay, then.
Throw: 98 stones
Press: ? - help, Q - select action, (/) - cycle Shift-Dir - straight line, f - ogre
Aim: an ogre, wielding a +0 giant club (73% to hit)
You throw a stone. The stone barely misses the ogre.
Okay, then.
A briar patch grows up from the ground. x2
You now have 3/6 mp.
You walk carefully through the plants.
The ogre hits your briar patch with a +0 giant club!!
Your briar patch is destroyed!
You see here a +0 longbow.
You aren't carrying any items that you can evoke.
Okay, then.
You hit the ogre.
The ogre is lightly wounded.
The ogre hits you with a +0 giant club!!
You take 23 damage, and have 34/57 hp.
MASSIVE DAMAGE!!
You barely miss the ogre.
The ogre is lightly wounded.
You closely miss the ogre.
The ogre is lightly wounded.
The ogre hits you with a +0 giant club!
You take 14 damage, and have 21/57 hp.
MASSIVE DAMAGE!!
You hit the ogre.
The ogre is heavily wounded.
The ogre barely misses you.
You hit the ogre.
The ogre is heavily wounded.
You hit the ogre but do no damage.
The ogre is heavily wounded.
The ogre hits you with a +0 giant club!
* * * LOW HITPOINT WARNING * * *
You take 10 damage, and have 11/57 hp.
You completely miss the ogre.
The ogre is heavily wounded.
The ogre hits you with a +0 giant club!!
You die...
Fedhas appreciates your contribution to the ecosystem.

### ## ...
...#######.#
...........
.........#####.#
(.........O@...#
#######..#######
#....)....
######.#####.#
#..........#
#.####.#####
########........
......##..........
........#.......#.#


You could see an ogre (ally target).

Vanquished Creatures
  A black bear (D:5)
  A centaur skeleton (D:5)
  5 gnolls
  3 adders
  A worm (D:2)
  An orc (D:3)
  6 ball pythons
  8 bats
  8 endoplasms
  2 giant cockroaches
  4 goblins
  2 hobgoblins
  4 jackals (D:2)
  5 kobolds
  2 quokkas
  4 frilled lizards
  3 rats
60 creatures vanquished.

Vanquished Creatures (collateral kills)
  A water moccasin (D:5)
  A hound (D:4)
  2 worms
  A hobgoblin (D:4)
5 creatures vanquished.

Vanquished Creatures (others)
  An orc (D:3)
  2 fungi (D:1)
3 creatures vanquished.

Grand Total: 68 creatures vanquished

Notes
Turn   | Place    | Note
-------+----------+-------------------------------------------
     0 | D:1      | jasper the Hill Orc Wanderer began the quest for the Orb.
     0 | D:1      | jasper set off with the following items: a +0 dagger, a
                  | scroll of teleportation, 11 poisoned darts, a +2 scale mail
     0 | D:1      | Reached XP level 1. HP: 18/18 MP: 1/1
   518 | D:1      | Found a faded altar of an unknown god.
   536 | D:1      | Became a worshipper of Fedhas Madash
   536 | D:1      | Reached * piety under Fedhas
   571 | D:1      | Reached skill level 1 in Unarmed Combat
   571 | D:1      | Reached XP level 2. HP: 25/25 MP: 2/2
   628 | D:1      | Reached skill level 3 in Fighting
  1149 | D:1      | Reached XP level 3. HP: 28/31 MP: 3/3
  1473 | D:2      | Noticed Sigmund
  1590 | D:2      | Reached XP level 4. HP: 11/40 MP: 4/4
  1601 | D:2      | Reached skill level 4 in Fighting
  1617 | D:2      | Reached ** piety under Fedhas
  2623 | D:2      | Found Akeqoov's Antique Armour Shoppe.
  3537 | D:4      | Noticed a scorpion
  3549 | D:4      | Reached XP level 5. HP: 9/47 MP: 1/5
  3554 | D:5      | Entered Level 5 of the Dungeon
  4001 | D:5      | Noticed a black bear
  4032 | D:5      | Killed a black bear
  4033 | D:5      | Reached skill level 5 in Fighting
  4033 | D:5      | Reached XP level 6. HP: 26/56 MP: 6/6
  4318 | D:5      | Noticed a water moccasin
  4328 | D:5      | Killed a water moccasin
  4626 | D:5      | Mangled by an ogre

Illustrated notes

Levels and vault maps discovered:
D:1:      nzn_arrival_settlement, layout_basic, shapermc_ecumenical_altar_gd
D:2:      minmay_razor_zed, layout_loops_corners, serial_shops, shop,
          uniq_sigmund
D:3:      layout_rooms, bloody_makhleb, serial_shops, shop
D:4:      layout_cave_pools, cheibriados_altar_1, minmay_temple_entry_arrows,
          serial_shops, nicolae_shop_stone, enter_ossuary_5,
          hangedman_abyss_or_decor_stabs
D:5:      layout_basic, portal_sewer_entry_e

Skill      XL: |  1  2  3  4  5 |
---------------+----------------+-----
Unarmed Combat | 1 2 3 4 |  4.7
Fighting       | 3 4 5 |  5.9
Bows           | |  1.7
Throwing       | |  1.0
Armour         | |  1.1
Dodging        | |  1.5
Stealth        | |  1.5

Action                   |  1- 3 |  4- 6 || total
-------------------------+-------+-------++-------
Melee: Dagger            |   125 |       ||   125
       Unarmed           |    33 |   218 ||   251
       Punch             |       |     3 ||     3
Throw: Dart              |    12 |       ||    12
       Stone             |     5 |     5 ||    10
Invok: Wall of Briars    |       |     4 ||     4
Evoke: Wand              |       |     5 ||     5
  Use: Scroll            |     1 |     5 ||     6
       Potion            |       |     7 ||     7
Armor: Scale mail        |    73 |   128 ||   201
       Skin              |       |     7 ||     7
Dodge: Dodged            |    71 |   112 ||   183

Table legend: (Time is in decaauts)
 A = Elapsed time spent in this place.
 B = Non-inter-level travel time spent in this place.
 C = Inter-level travel time spent in this place.
 D = Time resting spent in this place.
 E = Time spent auto-exploring this place.
 F = Levels seen in this place.
 G = Mean time per level.
                   A        B        C        D        E       F      G
               +--------+--------+--------+--------+--------+-----+--------+
         Total |   4618 |   4585 |     33 |    560 |   3129 |   5 |  923.6 |
       Dungeon |   4618 |   4585 |     33 |    560 |   3129 |   5 |  923.6 |
               +--------+--------+--------+--------+--------+-----+--------+

Top non-repeatable levels by time:
     D:2: 1912 daAuts
     D:1: 1431 daAuts
     D:5: 1070 daAuts
     D:3: 180 daAuts
     D:4: 23 daAuts
